Map: Inferno Pools

Players

DrennoC - Winner!

  • Race: Protoss Protoss
  • Spawn Location: 5:00

Dethsever

  • Race: Terran Terran
  • Spawn Location: 1:00

VOD

Have the link to the VOD?

Description

Time

  • Played on: April 3, 2015, 1:43 p.m.
  • Length: 10:40
Show
View Real Time Build Order
Export as new Build Order

DrennoC Protoss - Winner!

Build Orders:  

Get SALT Encoding   

  12  0:10  Pylon  
  12  0:13  Probe  
  13  0:25  Probe  
  14  0:32  Gateway  
  14  0:37  Probe (Chrono Boost)  
  15  0:43  Assimilator  
  15  0:48  Probe (Chrono Boost)  
  16  0:53  Assimilator  
  16  0:57  Probe  
  16  1:04  Pylon  
  17  1:12  Probe  
  18  1:24  Probe (Chrono Boost)  
  19  1:26  Cybernetics Core  
  19  1:35  Zealot  
  19  1:36  Probe (Chrono Boost)  
  22  1:44  Probe (Chrono Boost)  
  23  1:55  Probe (Chrono Boost)  
  23  1:58  Gateway  
  24  2:05  Warp Gate (Chrono Boost)  
  24  2:07  Probe (Chrono Boost)  
  25  2:14  Mothership Core (Chrono Boost)  
  27  2:33  Probe  
  28  2:42  Nexus  
  28  2:47  Sentry  
  28  2:50  Pylon  
  30  3:12  Robotics Facility  
  30  3:17  Stalker  
  30  3:18  Probe (Chrono Boost)  
  33  3:25  Pylon  
  34  3:27  Probe (Chrono Boost)  
  34  3:35  Probe  
  35  3:51  Pylon  
  35  4:05  Probe (Chrono Boost)  
  35  4:06  Zealot x2  
  35  4:09  Probe (Chrono Boost)  
  41  4:16  Probe (Chrono Boost)  
  42  4:23  Probe (Chrono Boost)  
  44  4:24  Probe (Chrono Boost)  
  44  4:28  Robotics Bay  
  45  4:34  Zealot x2  
  45  4:36  Probe (Chrono Boost)  
  49  4:42  Observer (Chrono Boost)  
  49  4:45  Probe x2 (Chrono Boost)  
  52  4:47  Assimilator  
  52  4:56  Probe (Chrono Boost), Pylon  
  53  5:06  Probe (Chrono Boost)  
  54  5:11  Forge  
  56  5:14  Probe (Chrono Boost), Pylon  
  56  5:15  Probe (Chrono Boost)  
  60  5:21  Observer Gravitic Boosters (Chrono Boost)  
  60  5:22  Disruptor (Chrono Boost)  
  60  5:26  Assimilator  
  60  5:28  Probe (Chrono Boost)  
  61  5:30  Sentry  
  63  5:41  Protoss Ground Armor Level 1  
  63  5:48  Twilight Council  
  63  5:49  Pylon  
  63  6:00  Zealot  
  63  6:01  Zealot  
  67  6:07  Gateway  
  67  6:09  Gateway  
  67  6:12  Gateway  
  71  6:23  Disruptor (Chrono Boost)  
  71  6:33  Zealot x2  
  71  6:34  Pylon  
  75  6:42  Charge (Chrono Boost)  
  75  6:43  Pylon  
  75  6:44  Probe x2  
  77  6:56  Probe  
  78  7:03  Nexus  
  78  7:06  Pylon  
  78  7:08  Stalker  
  80  7:27  Stalker x4  
  92  7:37  Immortal (Chrono Boost)  
  92  7:38  Protoss Ground Weapons Level 1 (Chrono Boost)  
  92  7:42  Probe (Chrono Boost)  
  94  7:46  Probe (Chrono Boost)  
  94  7:51  Pylon  
  94  7:53  Probe (Chrono Boost)  
  94  7:54  Zealot  
  94  7:58  Pylon  
  101  8:13  Disruptor (Chrono Boost)  
  101  8:18  Zealot x4  
  109  8:23  Colossus x2  
  109  8:24  Colossus x2  
  109  8:28  Probe x3  
  109  8:33  Pylon  
  112  8:38  Robotics Facility  
  112  8:39  Extended Thermal Lance (Chrono Boost)  
  112  8:44  Stalker  
  112  8:47  Stalker  
  116  8:56  Zealot x2  
  116  8:59  Disruptor x2  
  120  9:22  Stalker x4, Disruptor  
  120  9:23  Disruptor  
  120  9:40  Zealot  
  110  9:47  Disruptor  
  100  10:01  Zealot x3  
  100  10:02  Zealot x2  
  104  10:10  Probe (Chrono Boost)  
  104  10:11  Gateway  
  104  10:12  Gateway  
  101  10:14  Gateway, Assimilator  
  101  10:16  Probe x2 (Chrono Boost)  
  101  10:17  Templar Archives, Assimilator  
  107  10:32  Zealot x2  
  107  10:33  Zealot x2  
Show
View Real Time Build Order
Export as new Build Order

Dethsever Terran 

Build Orders:  

Get SALT Encoding   

  12  0:08  SCV  
  13  0:20  SCV  
  14  0:46  Supply Depot  
  14  0:55  SCV  
  15  1:08  SCV  
  16  1:19  Supply Depot  
  16  1:20  SCV  
  17  1:32  SCV  
  18  1:44  SCV  
  18  1:46  Supply Depot  
  19  2:03  SCV  
  20  2:15  SCV  
  20  2:18  Supply Depot  
  21  2:28  SCV  
  22  2:34  Refinery  
  22  2:40  SCV  
  23  2:50  Barracks  
  23  2:52  SCV  
  24  3:04  SCV  
  25  3:16  SCV, Refinery  
  26  3:28  SCV  
  27  3:40  SCV  
  28  3:48  Bunker, Marine  
  28  3:52  SCV  
  30  4:04  SCV  
  30  4:06  Marine  
  32  4:16  SCV  
  33  4:24  Marine  
  33  4:29  SCV  
  35  4:34  Bunker  
  35  4:41  SCV  
  35  4:42  Marine  
  37  4:53  SCV  
  37  4:59  Marine  
  39  5:18  Reaper  
  40  5:24  Engineering Bay  
  40  5:29  Missile Turret  
  40  5:56  Planetary Fortress  
  40  6:10  Missile Turret  
  40  6:20  Factory  
  40  6:23  Marine  
  41  6:41  Marine  
  41  6:46  Sensor Tower  
  42  7:16  SCV  
  42  7:17  Sensor Tower  
  43  7:28  SCV  
  44  7:40  SCV  
  45  7:49  Hellion  
  47  8:08  Marine  
  47  8:12  Supply Depot  
  47  8:26  Supply Depot  
  47  8:33  SCV, Hellion  
  50  8:45  SCV  
  50  8:46  Supply Depot  
  51  8:55  Hellion  
  53  9:00  Supply Depot  
  53  9:14  Barracks Tech Lab  
  53  9:16  Hellion  
  55  9:38  Hellion  
  41  9:59  Hellion  
Tags
 
Matchup
PvT
Player
DrennoC
Spawn Locations
Close Positions
Add a new tag
Caveats
  • Supply blocks, unpowered buildings, or Contaminate may cause inaccurate times.
  • Supply counts are checked every 10 seconds.